[ PARTIDA AOE2 · #466135404 ]
UnrankedMagiares vs Turks
[ ANÁLISIS DE REPETICIÓN · EXTRAÍDO DE LA PARTIDA GRABADA ]
Feudal
12:00
Castillos
16:20
Imperial
27:27
| APM promedio | 37.6 |
| APM pico | 64 |
| eAPM promedio | 22.3 |
| Aldeanos / militares | 151 / 450 |
Foco
⚔️ 30.0% · 🌾 70.0%
Cavalry Archer ×266 · Magyar Huszar ×176 · Fishing Ship ×8 · Trebuchet (Packed) ×7 · Battering Ram ×1
Feudal
10:56
Castillos
14:56
Imperial
30:57
| APM promedio | 35.8 |
| APM pico | 72 |
| eAPM promedio | 24.4 |
| Aldeanos / militares | 173 / 279 |
Foco
⚔️ 35.2% · 🌾 64.8%
Scout Cavalry ×126 · Cavalry Archer ×119 · Camel Scout ×19 · Monk ×5 · Bombard Cannon ×5 · Trade Cart ×4
Feudal
12:27
Castillos
16:08
Imperial
40:42
| APM promedio | 30.2 |
| APM pico | 69 |
| eAPM promedio | 17.6 |
| Aldeanos / militares | 111 / 127 |
Foco
⚔️ 34.9% · 🌾 65.1%
Knight ×61 · Conquistador ×55 · Trade Cart ×10 · Battering Ram ×7 · Bombard Cannon ×3 · Missionary ×1
Feudal
11:39
Castillos
15:18
Imperial
35:08
| APM promedio | 36.9 |
| APM pico | 86 |
| eAPM promedio | 17.6 |
| Aldeanos / militares | 130 / 37 |
Foco
⚔️ 27.7% · 🌾 72.3%
Hand Cannoneer ×32 · Mangonel ×4 · Monk ×1
Feudal
12:05
Castillos
16:12
Imperial
29:20
| APM promedio | 31.4 |
| APM pico | 80 |
| eAPM promedio | 21.8 |
| Aldeanos / militares | 150 / 433 |
Foco
⚔️ 33.6% · 🌾 66.4%
Scout Cavalry ×225 · Battle Elephant ×154 · Scorpion ×50 · Fishing Ship ×24 · Trade Cart ×17 · Trebuchet (Packed) ×4
Feudal
13:40
Castillos
17:10
Imperial
29:37
| APM promedio | 48.4 |
| APM pico | 95 |
| eAPM promedio | 33.2 |
| Aldeanos / militares | 171 / 132 |
Foco
⚔️ 40.0% · 🌾 60.0%
Mangonel ×60 · Spearman ×35 · Fishing Ship ×28 · Monk ×25 · Trebuchet (Packed) ×9 · Scorpion ×2
Feudal
12:08
Castillos
18:44
Imperial
31:22
| APM promedio | 21.9 |
| APM pico | 41 |
| eAPM promedio | 18.3 |
| Aldeanos / militares | 180 / 142 |
Foco
⚔️ 24.2% · 🌾 75.8%
Scout Cavalry ×66 · Mangudai ×50 · Mangonel ×25 · Fishing Ship ×10 · Monk ×1
Feudal
10:32
Castillos
15:37
Imperial
29:31
| APM promedio | 37.4 |
| APM pico | 123 |
| eAPM promedio | 26.1 |
| Aldeanos / militares | 141 / 261 |
Foco
⚔️ 48.6% · 🌾 51.4%
Scorpion ×180 · Scout Cavalry ×80 · Monk ×1
Mapa de la partida
Recursos iniciales + cada clic de construcción. Líneas = muros · curvas = relieve. ◆ oro · ⬟ piedra · ● bayas · ✦ reliquia · ◌ hueco del cierre
Inputs por minuto
— 请讲中文,不懂英语。 - - Premium
Build order — 请讲中文,不懂英语。
Primeras 150 de 525 acciones detectadas
| 0:01 | Encolar | Villager (Male) |
| 0:01 | Encolar | Villager (Male) |
| 0:01 | Encolar | Villager (Male) |
| 0:01 | Encolar | Villager (Male) |
| 0:02 | Encolar | Villager (Male) |
| 0:03 | Construir | House |
| 0:04 | Construir | House |
| 1:30 | Encolar | Villager (Male) |
| 1:30 | Encolar | Villager (Male) |
| 1:51 | Construir | Palisade Wall |
| 2:06 | Encolar | Villager (Male) |
| 2:06 | Encolar | Villager (Male) |
| 2:07 | Encolar | Villager (Male) |
| 2:10 | Construir | Lumber Camp |
| 2:32 | Encolar | Villager (Male) |
| 2:32 | Encolar | Villager (Male) |
| 2:32 | Encolar | Villager (Male) |
| 2:56 | Construir | Palisade Wall |
| 3:01 | Encolar | Villager (Male) |
| 3:01 | Encolar | Villager (Male) |
| 3:09 | Encolar | Villager (Male) |
| 3:28 | Construir | House |
| 3:40 | Encolar | Villager (Male) |
| 3:40 | Encolar | Villager (Male) |
| 4:05 | Encolar | Villager (Male) |
| 4:06 | Encolar | Villager (Male) |
| 4:06 | Encolar | Villager (Male) |
| 4:29 | Encolar | Villager (Male) |
| 4:30 | Encolar | Villager (Male) |
| 5:01 | Construir | House |
| 5:12 | Encolar | Villager (Male) |
| 5:12 | Encolar | Villager (Male) |
| 5:12 | Encolar | Villager (Male) |
| 5:35 | Construir | Mining Camp |
| 5:54 | Encolar | Villager (Male) |
| 5:54 | Encolar | Villager (Male) |
| 5:54 | Encolar | Villager (Male) |
| 6:22 | Construir | Mill |
| 6:30 | Encolar | Villager (Male) |
| 6:30 | Encolar | Villager (Male) |
| 6:34 | Encolar | Villager (Male) |
| 6:34 | Encolar | Villager (Male) |
| 6:35 | Encolar | Villager (Male) |
| 6:46 | Encolar | Villager (Male) |
| 6:46 | Encolar | Villager (Male) |
| 6:47 | Encolar | Villager (Male) |
| 7:40 | Encolar | Villager (Male) |
| 7:40 | Encolar | Villager (Male) |
| 7:40 | Encolar | Villager (Male) |
| 7:40 | Encolar | Villager (Male) |
| 8:12 | Construir | Dock |
| 8:24 | Construir | House |
| 8:44 | Encolar | Villager (Male) |
| 8:45 | Encolar | Villager (Male) |
| 9:38 | Construir | House |
| 9:41 | Construir | Mining Camp |
| 9:50 | Investigar | Feudal Age |
| 9:51 | Investigar | Feudal Age |
| 10:33 | Encolar | Villager (Male) |
| 10:33 | Encolar | Villager (Male) |
| 11:12 | Encolar | Fishing Ship |
| 12:00 | Edad | Edad Feudal |
| 12:02 | Construir | Market |
| 12:09 | Construir | Blacksmith |
| 12:18 | Construir | Blacksmith |
| 12:19 | Encolar | Villager (Male) |
| 12:20 | Encolar | Villager (Male) |
| 12:32 | Construir | Stone Wall |
| 12:52 | Encolar | Fishing Ship |
| 13:20 | Construir | Building 673 |
| 13:29 | Construir | House |
| 13:30 | Investigar | Castle Age |
| 13:30 | Investigar | Castle Age |
| 13:34 | Investigar | Double-Bit Axe |
| 13:34 | Investigar | Double-Bit Axe |
| 13:35 | Investigar | Horse Collar |
| 13:35 | Investigar | Horse Collar |
| 13:35 | Investigar | Horse Collar |
| 13:57 | Construir | House |
| 14:32 | Encolar | Fishing Ship |
| 14:33 | Investigar | Tech 906 |
| 14:46 | Construir | Fish Trap |
| 14:50 | Construir | Fish Trap |
| 15:10 | Construir | Building 804 |
| 15:15 | Encolar | Villager (Male) |
| 15:15 | Encolar | Villager (Male) |
| 15:41 | Encolar | Fishing Ship |
| 15:45 | Construir | Farm |
| 15:48 | Construir | Farm |
| 15:50 | Construir | Farm |
| 15:52 | Construir | Farm |
| 16:20 | Edad | Edad de los Castillos |
| 16:21 | Investigar | Bow Saw |
| 16:24 | Encolar | Villager (Male) |
| 16:25 | Encolar | Villager (Male) |
| 16:42 | Construir | Town Center |
| 16:56 | Encolar | Villager (Male) |
| 17:02 | Encolar | Fishing Ship |
| 17:26 | Encolar | Villager (Male) |
| 17:26 | Encolar | Villager (Male) |
| 17:27 | Encolar | Villager (Male) |
| 17:30 | Construir | Farm |
| 17:31 | Construir | Farm |
| 17:40 | Investigar | Gillnets |
| 17:45 | Construir | Farm |
| 18:18 | Construir | Farm |
| 18:20 | Encolar | Villager (Male) |
| 18:20 | Encolar | Villager (Male) |
| 18:20 | Encolar | Villager (Male) |
| 18:21 | Encolar | Villager (Male) |
| 18:32 | Construir | Town Center |
| 18:43 | Construir | Farm |
| 18:52 | Encolar | Fishing Ship |
| 18:54 | Encolar | Villager (Male) |
| 18:55 | Encolar | Villager (Male) |
| 18:55 | Encolar | Villager (Male) |
| 18:55 | Encolar | Villager (Male) |
| 18:59 | Construir | Farm |
| 19:20 | Construir | House |
| 19:21 | Construir | House |
| 19:23 | Construir | House |
| 19:24 | Construir | House |
| 19:25 | Construir | House |
| 19:30 | Encolar | Fishing Ship |
| 19:39 | Construir | Fish Trap |
| 19:46 | Encolar | Villager (Male) |
| 19:46 | Encolar | Villager (Male) |
| 19:46 | Encolar | Villager (Male) |
| 19:47 | Encolar | Villager (Male) |
| 19:47 | Encolar | Villager (Male) |
| 19:49 | Construir | Fish Trap |
| 19:56 | Construir | Fish Trap |
| 20:08 | Construir | Fish Trap |
| 20:13 | Encolar | Villager (Male) |
| 20:13 | Encolar | Villager (Male) |
| 20:14 | Encolar | Villager (Male) |
| 20:14 | Encolar | Villager (Male) |
| 20:14 | Encolar | Villager (Male) |
| 20:14 | Encolar | Villager (Male) |
| 20:14 | Encolar | Villager (Male) |
| 20:24 | Construir | Fish Trap |
| 20:27 | Encolar | Fishing Ship |
| 20:48 | Construir | Mining Camp |
| 20:55 | Investigar | Wheelbarrow |
| 20:55 | Investigar | Wheelbarrow |
| 20:55 | Investigar | Wheelbarrow |
| 21:05 | Encolar | Villager (Male) |
| 21:05 | Encolar | Villager (Male) |
| 21:06 | Encolar | Villager (Male) |
| 21:06 | Encolar | Villager (Male) |
Build order — Premium
Primeras 150 de 676 acciones detectadas
| 0:01 | Encolar | Villager (Male) |
| 0:01 | Encolar | Villager (Male) |
| 0:01 | Encolar | Villager (Male) |
| 0:02 | Encolar | Villager (Male) |
| 0:03 | Construir | House |
| 0:05 | Construir | House |
| 1:29 | Encolar | Villager (Male) |
| 1:29 | Encolar | Villager (Male) |
| 1:44 | Construir | Lumber Camp |
| 2:01 | Encolar | Villager (Male) |
| 2:01 | Encolar | Villager (Male) |
| 2:06 | Encolar | Villager (Male) |
| 2:06 | Encolar | Villager (Male) |
| 2:48 | Encolar | Villager (Male) |
| 2:48 | Encolar | Villager (Male) |
| 3:05 | Construir | House |
| 3:08 | Construir | House |
| 3:13 | Encolar | Villager (Male) |
| 3:36 | Encolar | Villager (Male) |
| 4:02 | Encolar | Villager (Male) |
| 4:02 | Encolar | Villager (Male) |
| 4:16 | Construir | Mill |
| 4:34 | Encolar | Villager (Male) |
| 4:39 | Encolar | Villager (Male) |
| 5:11 | Encolar | Villager (Male) |
| 5:44 | Encolar | Villager (Male) |
| 6:01 | Construir | Farm |
| 6:02 | Encolar | Villager (Male) |
| 6:23 | Construir | Farm |
| 6:31 | Encolar | Villager (Male) |
| 6:32 | Encolar | Villager (Male) |
| 6:50 | Encolar | Villager (Male) |
| 7:09 | Encolar | Villager (Male) |
| 7:49 | Encolar | Villager (Male) |
| 8:26 | Construir | Mining Camp |
| 8:37 | Investigar | Feudal Age |
| 8:54 | Construir | Mill |
| 10:28 | Encolar | Villager (Male) |
| 10:28 | Encolar | Villager (Male) |
| 10:56 | Edad | Edad Feudal |
| 10:59 | Construir | Market |
| 11:02 | Construir | Blacksmith |
| 11:10 | Investigar | Loom |
| 11:17 | Construir | House |
| 11:18 | Construir | House |
| 11:19 | Construir | House |
| 12:16 | Investigar | Castle Age |
| 12:16 | Investigar | Castle Age |
| 13:57 | Construir | House |
| 13:58 | Construir | House |
| 13:59 | Construir | House |
| 14:01 | Construir | House |
| 14:02 | Construir | House |
| 14:03 | Construir | House |
| 14:05 | Construir | House |
| 14:09 | Encolar | Villager (Male) |
| 14:09 | Encolar | Villager (Male) |
| 14:11 | Investigar | Double-Bit Axe |
| 14:12 | Investigar | Horse Collar |
| 14:56 | Edad | Edad de los Castillos |
| 14:58 | Construir | Town Center |
| 15:06 | Construir | Town Center |
| 15:23 | Encolar | Villager (Male) |
| 15:23 | Encolar | Villager (Male) |
| 16:16 | Encolar | Villager (Male) |
| 16:28 | Encolar | Villager (Male) |
| 16:29 | Encolar | Villager (Male) |
| 16:32 | Encolar | Villager (Male) |
| 16:32 | Encolar | Villager (Male) |
| 16:35 | Encolar | Villager (Male) |
| 16:35 | Encolar | Villager (Male) |
| 16:36 | Encolar | Villager (Male) |
| 16:37 | Encolar | Villager (Male) |
| 16:37 | Encolar | Villager (Male) |
| 16:43 | Construir | Farm |
| 16:45 | Construir | Farm |
| 16:57 | Construir | Farm |
| 16:58 | Construir | Farm |
| 17:05 | Construir | Farm |
| 17:24 | Encolar | Villager (Male) |
| 17:24 | Encolar | Villager (Male) |
| 17:30 | Construir | Farm |
| 17:31 | Construir | Farm |
| 17:53 | Encolar | Villager (Male) |
| 17:53 | Encolar | Villager (Male) |
| 17:54 | Encolar | Villager (Male) |
| 17:55 | Encolar | Villager (Male) |
| 18:13 | Construir | Farm |
| 18:19 | Construir | Farm |
| 18:22 | Construir | Farm |
| 18:24 | Construir | Farm |
| 18:29 | Construir | Farm |
| 18:31 | Construir | Farm |
| 18:32 | Encolar | Villager (Male) |
| 18:32 | Encolar | Villager (Male) |
| 18:36 | Construir | Farm |
| 18:41 | Construir | Farm |
| 18:43 | Encolar | Villager (Male) |
| 18:43 | Encolar | Villager (Male) |
| 18:54 | Encolar | Villager (Male) |
| 18:55 | Encolar | Villager (Male) |
| 18:55 | Encolar | Villager (Male) |
| 18:57 | Encolar | Villager (Male) |
| 18:57 | Encolar | Villager (Male) |
| 18:57 | Encolar | Villager (Male) |
| 19:00 | Encolar | Villager (Male) |
| 19:00 | Encolar | Villager (Male) |
| 19:07 | Encolar | Villager (Male) |
| 19:07 | Encolar | Villager (Male) |
| 19:10 | Encolar | Villager (Male) |
| 19:10 | Encolar | Villager (Male) |
| 19:12 | Construir | Farm |
| 19:15 | Construir | Farm |
| 19:20 | Construir | Farm |
| 19:22 | Construir | Farm |
| 19:25 | Construir | Farm |
| 19:30 | Encolar | Villager (Male) |
| 19:30 | Encolar | Villager (Male) |
| 19:32 | Encolar | Villager (Male) |
| 19:32 | Encolar | Villager (Male) |
| 19:35 | Construir | Farm |
| 19:47 | Encolar | Villager (Male) |
| 19:47 | Encolar | Villager (Male) |
| 19:47 | Encolar | Villager (Male) |
| 19:47 | Encolar | Villager (Male) |
| 19:49 | Construir | Farm |
| 20:01 | Encolar | Villager (Male) |
| 20:01 | Encolar | Villager (Male) |
| 20:05 | Construir | Farm |
| 20:21 | Investigar | Wheelbarrow |
| 20:37 | Investigar | Bow Saw |
| 20:44 | Encolar | Villager (Male) |
| 20:44 | Encolar | Villager (Male) |
| 21:01 | Construir | Building 487 |
| 21:04 | Construir | Stone Wall |
| 21:06 | Encolar | Villager (Male) |
| 21:06 | Encolar | Villager (Male) |
| 21:07 | Encolar | Villager (Male) |
| 21:10 | Construir | Barracks |
| 21:16 | Construir | Farm |
| 21:20 | Encolar | Villager (Male) |
| 21:25 | Construir | House |
| 21:27 | Construir | House |
| 21:28 | Construir | House |
| 21:29 | Construir | House |
| 21:30 | Construir | House |
| 21:37 | Encolar | Villager (Male) |
| 21:38 | Encolar | Villager (Male) |
| 21:40 | Investigar | Fletching |
| 21:40 | Investigar | Padded Archer Armor |
Build order — Tabosa
Primeras 150 de 323 acciones detectadas
| 0:03 | Investigar | Loom |
| 0:03 | Encolar | Villager (Male) ×4 |
| 0:06 | Construir | House |
| 0:40 | Construir | Palisade Wall |
| 1:42 | Construir | Lumber Camp |
| 1:47 | Construir | Palisade Wall |
| 1:49 | Construir | Palisade Wall |
| 2:19 | Encolar | Villager (Male) |
| 2:19 | Encolar | Villager (Male) |
| 3:03 | Encolar | Villager (Male) |
| 3:03 | Encolar | Villager (Male) |
| 3:26 | Construir | House |
| 3:33 | Encolar | Villager (Male) |
| 4:06 | Encolar | Villager (Male) |
| 4:20 | Encolar | Villager (Male) |
| 4:44 | Construir | House |
| 4:56 | Encolar | Villager (Male) |
| 5:30 | Encolar | Villager (Male) ×2 |
| 6:14 | Encolar | Villager (Male) ×3 |
| 6:39 | Construir | House |
| 6:57 | Encolar | Villager (Male) |
| 7:06 | Encolar | Villager (Male) |
| 7:17 | Construir | Mill |
| 7:59 | Encolar | Villager (Male) |
| 7:59 | Encolar | Villager (Male) |
| 8:56 | Construir | Mining Camp |
| 8:57 | Encolar | Villager (Male) |
| 9:24 | Encolar | Villager (Male) |
| 10:17 | Investigar | Feudal Age |
| 10:51 | Construir | Mining Camp |
| 11:07 | Construir | House |
| 11:27 | Encolar | Villager (Male) |
| 11:27 | Encolar | Villager (Male) |
| 12:27 | Edad | Edad Feudal |
| 12:30 | Construir | Market |
| 12:34 | Construir | Blacksmith |
| 13:28 | Investigar | Castle Age |
| 13:28 | Investigar | Castle Age |
| 14:38 | Investigar | Double-Bit Axe |
| 15:18 | Investigar | Fletching |
| 15:42 | Construir | Farm |
| 15:42 | Construir | Farm |
| 15:46 | Construir | Farm |
| 15:50 | Construir | Farm |
| 15:53 | Construir | Farm |
| 15:55 | Construir | Farm |
| 16:08 | Edad | Edad de los Castillos |
| 16:31 | Construir | Castle |
| 16:39 | Encolar | Villager (Male) |
| 16:54 | Encolar | Villager (Male) |
| 16:59 | Investigar | Bodkin Arrow |
| 17:21 | Construir | Farm |
| 17:26 | Investigar | Gold Mining |
| 17:45 | Encolar | Conquistador |
| 18:07 | Encolar | Conquistador |
| 18:10 | Encolar | Villager (Male) |
| 18:16 | Construir | Farm |
| 18:35 | Encolar | Conquistador |
| 18:45 | Encolar | Villager (Male) |
| 18:45 | Encolar | Villager (Male) |
| 19:18 | Encolar | Conquistador |
| 20:31 | Encolar | Conquistador |
| 20:32 | Encolar | Villager (Male) |
| 20:33 | Encolar | Villager (Male) |
| 20:52 | Construir | Farm |
| 20:52 | Construir | Farm |
| 20:52 | Construir | Farm |
| 20:52 | Construir | Farm |
| 20:53 | Construir | Farm |
| 21:08 | Encolar | Villager (Male) |
| 21:57 | Encolar | Conquistador |
| 21:58 | Encolar | Villager (Male) |
| 21:59 | Encolar | Villager (Male) |
| 22:06 | Construir | Siege Workshop |
| 22:15 | Construir | House |
| 22:18 | Construir | House |
| 22:19 | Construir | House |
| 22:21 | Construir | House |
| 22:23 | Construir | Monastery |
| 22:51 | Encolar | Conquistador |
| 22:54 | Investigar | Padded Archer Armor |
| 23:05 | Encolar | Conquistador |
| 23:06 | Encolar | Villager (Male) |
| 23:11 | Encolar | Battering Ram |
| 24:03 | Encolar | Conquistador |
| 24:04 | Encolar | Villager (Male) |
| 24:09 | Encolar | Conquistador |
| 24:10 | Encolar | Villager (Male) |
| 24:14 | Construir | Farm |
| 24:14 | Construir | Farm |
| 24:17 | Construir | Farm |
| 24:27 | Investigar | Bow Saw |
| 24:30 | Encolar | Missionary |
| 24:49 | Encolar | Villager (Male) |
| 24:50 | Encolar | Conquistador |
| 25:13 | Investigar | Leather Archer Armor |
| 25:17 | Encolar | Conquistador |
| 25:27 | Encolar | Villager (Male) |
| 25:37 | Encolar | Villager (Male) |
| 25:40 | Encolar | Battering Ram |
| 25:40 | Encolar | Battering Ram |
| 25:48 | Encolar | Conquistador |
| 26:07 | Encolar | Villager (Male) |
| 26:08 | Construir | Farm |
| 26:09 | Construir | Farm |
| 26:17 | Encolar | Battering Ram |
| 26:26 | Encolar | Conquistador |
| 26:28 | Encolar | Villager (Male) |
| 26:37 | Construir | House |
| 26:38 | Construir | House |
| 26:56 | Encolar | Conquistador |
| 27:09 | Encolar | Battering Ram |
| 27:15 | Encolar | Villager (Male) |
| 27:18 | Investigar | Wheelbarrow |
| 27:25 | Encolar | Conquistador |
| 27:46 | Encolar | Conquistador |
| 27:49 | Encolar | Villager (Male) |
| 27:54 | Construir | House |
| 27:56 | Construir | House |
| 27:59 | Construir | House |
| 28:00 | Construir | House |
| 28:01 | Construir | House |
| 28:02 | Construir | House |
| 28:17 | Encolar | Conquistador |
| 29:30 | Encolar | Conquistador |
| 29:31 | Encolar | Villager (Male) |
| 29:32 | Encolar | Villager (Male) |
| 30:02 | Encolar | Conquistador |
| 30:03 | Encolar | Villager (Male) |
| 30:16 | Construir | Town Center |
| 30:16 | Construir | Farm |
| 30:17 | Construir | Farm |
| 30:17 | Construir | Farm |
| 30:18 | Construir | Farm |
| 30:18 | Construir | Farm |
| 30:19 | Construir | Farm |
| 30:21 | Encolar | Conquistador |
| 30:35 | Construir | Town Center |
| 30:37 | Construir | Farm |
| 30:39 | Construir | Farm |
| 30:39 | Construir | Farm |
| 30:40 | Construir | Farm |
| 30:41 | Construir | Farm |
| 30:43 | Encolar | Villager (Male) |
| 30:43 | Encolar | Villager (Male) |
| 30:44 | Encolar | Conquistador |
| 31:05 | Encolar | Villager (Male) |
| 31:06 | Encolar | Villager (Male) |
| 31:40 | Encolar | Conquistador |
| 31:43 | Investigar | Herbal Medicine |
Build order — traiasca comunismul
Primeras 150 de 297 acciones detectadas
| 0:01 | Encolar | Villager (Male) |
| 0:01 | Encolar | Villager (Male) |
| 0:02 | Construir | House |
| 0:03 | Construir | House |
| 0:17 | Encolar | Villager (Male) |
| 0:17 | Encolar | Villager (Male) |
| 0:18 | Encolar | Villager (Male) |
| 0:55 | Investigar | Loom |
| 1:08 | Encolar | Villager (Male) |
| 1:08 | Encolar | Villager (Male) |
| 1:33 | Encolar | Villager (Male) |
| 1:48 | Construir | Palisade Wall |
| 1:51 | Encolar | Villager (Male) |
| 2:29 | Encolar | Villager (Male) |
| 2:46 | Encolar | Villager (Male) |
| 3:14 | Encolar | Villager (Male) |
| 4:12 | Encolar | Villager (Male) |
| 4:13 | Encolar | Villager (Male) |
| 4:17 | Construir | House |
| 5:09 | Construir | Mill |
| 5:11 | Encolar | Villager (Male) |
| 5:23 | Construir | House |
| 5:36 | Encolar | Villager (Male) |
| 5:36 | Encolar | Villager (Male) |
| 6:04 | Construir | House |
| 6:08 | Encolar | Villager (Male) |
| 6:09 | Encolar | Villager (Male) |
| 6:09 | Encolar | Villager (Male) |
| 6:23 | Construir | Lumber Camp |
| 6:27 | Encolar | Villager (Male) |
| 7:18 | Encolar | Villager (Male) |
| 7:27 | Construir | House |
| 7:33 | Encolar | Villager (Male) |
| 8:05 | Encolar | Villager (Male) |
| 8:21 | Encolar | Villager (Male) |
| 8:29 | Encolar | Villager (Male) |
| 9:03 | Investigar | Feudal Age |
| 9:18 | Construir | Lumber Camp |
| 9:49 | Encolar | Villager (Male) |
| 9:50 | Encolar | Villager (Male) |
| 10:16 | Construir | Mining Camp |
| 11:39 | Edad | Edad Feudal |
| 11:44 | Construir | Market |
| 11:49 | Construir | Blacksmith |
| 12:38 | Investigar | Castle Age |
| 12:38 | Investigar | Castle Age |
| 12:58 | Investigar | Double-Bit Axe |
| 13:09 | Investigar | Horse Collar |
| 14:02 | Construir | Farm |
| 14:03 | Construir | Farm |
| 14:05 | Construir | Farm |
| 14:06 | Construir | Farm |
| 14:14 | Investigar | Gold Mining |
| 14:30 | Encolar | Villager (Male) |
| 15:13 | Encolar | Villager (Male) |
| 15:13 | Encolar | Villager (Male) |
| 15:18 | Edad | Edad de los Castillos |
| 15:28 | Construir | Town Center |
| 15:44 | Encolar | Villager (Male) |
| 16:04 | Construir | Town Center |
| 16:44 | Encolar | Villager (Male) |
| 16:44 | Encolar | Villager (Male) |
| 16:47 | Construir | Farm |
| 16:48 | Investigar | Bow Saw |
| 17:05 | Construir | House |
| 17:07 | Construir | Palisade Wall |
| 17:25 | Construir | Farm |
| 17:42 | Construir | House |
| 17:57 | Construir | Siege Workshop |
| 18:04 | Construir | House |
| 18:05 | Construir | House |
| 18:07 | Construir | House |
| 18:15 | Encolar | Villager (Male) |
| 18:15 | Encolar | Villager (Male) |
| 18:16 | Encolar | Villager (Male) |
| 18:18 | Encolar | Villager (Male) |
| 18:39 | Construir | Barracks |
| 18:51 | Construir | House |
| 18:54 | Construir | Palisade Wall |
| 18:56 | Construir | Palisade Wall |
| 19:10 | Encolar | Villager (Male) |
| 19:11 | Encolar | Villager (Male) |
| 19:21 | Encolar | Mangonel |
| 20:09 | Encolar | Villager (Male) |
| 20:10 | Encolar | Villager (Male) |
| 20:29 | Construir | Farm |
| 20:39 | Construir | Farm |
| 20:43 | Construir | Farm |
| 20:56 | Encolar | Villager (Male) |
| 20:56 | Encolar | Villager (Male) |
| 21:03 | Construir | Farm |
| 21:05 | Construir | Farm |
| 21:14 | Encolar | Villager (Male) |
| 21:45 | Encolar | Villager (Male) |
| 21:46 | Encolar | Villager (Male) |
| 22:07 | Encolar | Villager (Male) |
| 22:58 | Encolar | Villager (Male) |
| 22:58 | Encolar | Villager (Male) |
| 22:59 | Encolar | Villager (Male) |
| 23:07 | Construir | Castle |
| 23:43 | Encolar | Villager (Male) |
| 23:43 | Encolar | Villager (Male) |
| 23:43 | Encolar | Villager (Male) |
| 24:06 | Encolar | Villager (Male) |
| 24:13 | Construir | Farm |
| 24:14 | Construir | Farm |
| 24:35 | Construir | Palisade Wall |
| 24:37 | Construir | Palisade Wall |
| 24:40 | Encolar | Villager (Male) |
| 24:41 | Encolar | Villager (Male) |
| 24:55 | Construir | Palisade Wall |
| 24:57 | Construir | Palisade Wall |
| 25:02 | Encolar | Villager (Male) |
| 25:02 | Encolar | Villager (Male) |
| 25:05 | Construir | Farm |
| 25:07 | Construir | Farm |
| 25:09 | Construir | Farm |
| 25:11 | Construir | Farm |
| 25:13 | Construir | Farm |
| 25:15 | Encolar | Villager (Male) |
| 25:17 | Construir | Farm |
| 25:19 | Construir | Farm |
| 25:43 | Encolar | Villager (Male) |
| 25:44 | Encolar | Villager (Male) |
| 25:47 | Encolar | Villager (Male) |
| 26:05 | Encolar | Villager (Male) |
| 26:05 | Encolar | Villager (Male) |
| 26:07 | Encolar | Villager (Male) |
| 26:13 | Encolar | Mangonel |
| 26:24 | Encolar | Villager (Male) |
| 26:25 | Encolar | Villager (Male) |
| 26:27 | Encolar | Villager (Male) |
| 26:36 | Encolar | Villager (Male) |
| 26:41 | Encolar | Villager (Male) |
| 26:51 | Construir | Town Center |
| 26:55 | Encolar | Villager (Male) |
| 27:05 | Construir | Farm |
| 27:16 | Encolar | Villager (Male) |
| 27:16 | Encolar | Villager (Male) |
| 27:18 | Encolar | Villager (Male) |
| 27:29 | Investigar | Heavy Plow |
| 27:31 | Construir | Farm |
| 27:39 | Encolar | Villager (Male) |
| 27:39 | Encolar | Villager (Male) |
| 27:52 | Encolar | Villager (Male) |
| 28:05 | Construir | Stable |
| 28:09 | Encolar | Villager (Male) |
| 28:10 | Encolar | Villager (Male) |
| 28:10 | Encolar | Villager (Male) |
| 28:58 | Encolar | Mangonel |
Build order — Flybidi
Primeras 150 de 576 acciones detectadas
| 0:01 | Encolar | Villager (Male) |
| 0:02 | Encolar | Villager (Male) |
| 0:02 | Encolar | Villager (Male) |
| 0:02 | Encolar | Villager (Male) |
| 0:02 | Encolar | Villager (Male) |
| 0:04 | Construir | House |
| 0:05 | Construir | House |
| 1:32 | Encolar | Villager (Male) |
| 1:32 | Encolar | Villager (Male) |
| 2:10 | Encolar | Villager (Male) |
| 2:10 | Encolar | Villager (Male) |
| 2:10 | Encolar | Villager (Male) |
| 2:18 | Encolar | Villager (Male) |
| 2:18 | Encolar | Villager (Male) |
| 3:00 | Construir | Lumber Camp |
| 3:04 | Encolar | Villager (Male) |
| 3:04 | Encolar | Villager (Male) |
| 3:17 | Encolar | Villager (Male) |
| 3:17 | Encolar | Villager (Male) |
| 3:17 | Encolar | Villager (Male) |
| 3:40 | Encolar | Villager (Male) |
| 3:40 | Encolar | Villager (Male) |
| 3:57 | Construir | House |
| 4:08 | Encolar | Villager (Male) |
| 4:08 | Encolar | Villager (Male) |
| 4:33 | Encolar | Villager (Male) |
| 5:10 | Encolar | Villager (Male) |
| 5:11 | Encolar | Villager (Male) |
| 5:11 | Encolar | Villager (Male) |
| 5:44 | Construir | House |
| 5:54 | Construir | Dock |
| 6:00 | Encolar | Villager (Male) |
| 6:00 | Encolar | Villager (Male) |
| 6:00 | Encolar | Villager (Male) |
| 6:00 | Encolar | Villager (Male) |
| 6:25 | Encolar | Villager (Male) |
| 6:25 | Encolar | Villager (Male) |
| 6:25 | Encolar | Villager (Male) |
| 6:34 | Encolar | Fishing Ship |
| 6:34 | Encolar | Fishing Ship |
| 7:13 | Encolar | Villager (Male) |
| 7:19 | Encolar | Villager (Male) |
| 7:35 | Construir | Mill |
| 7:49 | Construir | House |
| 8:03 | Encolar | Villager (Male) |
| 8:11 | Encolar | Fishing Ship |
| 8:35 | Construir | Mining Camp |
| 8:56 | Encolar | Villager (Male) |
| 8:56 | Encolar | Villager (Male) |
| 8:58 | Encolar | Fishing Ship |
| 9:17 | Construir | House |
| 9:55 | Investigar | Feudal Age |
| 10:04 | Encolar | Fishing Ship |
| 11:46 | Encolar | Fishing Ship |
| 12:04 | Encolar | Villager (Male) |
| 12:04 | Encolar | Villager (Male) |
| 12:05 | Edad | Edad Feudal |
| 12:12 | Construir | Fish Trap |
| 12:15 | Investigar | Double-Bit Axe |
| 12:21 | Construir | Fish Trap |
| 12:35 | Construir | House |
| 12:55 | Construir | Dock |
| 13:06 | Construir | Fish Trap |
| 13:32 | Investigar | Castle Age |
| 13:40 | Construir | Fish Trap |
| 13:52 | Encolar | Villager (Male) |
| 13:53 | Encolar | Villager (Male) |
| 14:15 | Investigar | Tech 906 |
| 14:22 | Construir | Fish Trap |
| 14:41 | Encolar | Fishing Ship |
| 14:42 | Encolar | Fishing Ship |
| 14:47 | Construir | House |
| 15:29 | Investigar | Horse Collar |
| 16:12 | Edad | Edad de los Castillos |
| 16:14 | Construir | Town Center |
| 16:22 | Encolar | Villager (Male) |
| 16:30 | Construir | Town Center |
| 16:37 | Encolar | Villager (Male) |
| 16:37 | Encolar | Villager (Male) |
| 16:54 | Investigar | Bow Saw |
| 16:55 | Investigar | Bow Saw |
| 16:55 | Investigar | Bow Saw |
| 17:07 | Encolar | Villager (Male) |
| 17:08 | Encolar | Villager (Male) |
| 17:14 | Investigar | Wheelbarrow |
| 17:26 | Encolar | Villager (Male) |
| 17:26 | Encolar | Villager (Male) |
| 17:32 | Investigar | Gillnets |
| 17:38 | Encolar | Villager (Male) |
| 17:38 | Encolar | Villager (Male) |
| 17:39 | Encolar | Villager (Male) |
| 17:39 | Encolar | Villager (Male) |
| 17:48 | Encolar | Villager (Male) |
| 17:48 | Encolar | Villager (Male) |
| 17:53 | Encolar | Fishing Ship |
| 17:53 | Encolar | Fishing Ship |
| 18:04 | Construir | Farm |
| 18:04 | Construir | Farm |
| 18:04 | Construir | Farm |
| 18:05 | Construir | Farm |
| 18:06 | Construir | Farm |
| 18:11 | Encolar | Villager (Male) |
| 18:11 | Encolar | Villager (Male) |
| 18:20 | Construir | Fish Trap |
| 18:27 | Construir | Fish Trap |
| 18:30 | Encolar | Fishing Ship |
| 18:30 | Encolar | Fishing Ship |
| 18:32 | Encolar | Villager (Male) |
| 18:32 | Encolar | Villager (Male) |
| 18:33 | Encolar | Villager (Male) |
| 18:34 | Construir | House |
| 18:39 | Construir | House |
| 18:40 | Construir | House |
| 18:41 | Construir | House |
| 18:45 | Construir | Farm |
| 18:46 | Encolar | Villager (Male) |
| 18:46 | Encolar | Villager (Male) |
| 18:46 | Encolar | Villager (Male) |
| 18:48 | Encolar | Fishing Ship |
| 18:48 | Encolar | Fishing Ship |
| 18:56 | Construir | Fish Trap |
| 19:05 | Construir | Farm |
| 19:12 | Encolar | Villager (Male) |
| 19:12 | Encolar | Villager (Male) |
| 19:13 | Encolar | Villager (Male) |
| 19:13 | Encolar | Villager (Male) |
| 19:16 | Construir | Fish Trap |
| 19:23 | Construir | Fish Trap |
| 19:26 | Encolar | Fishing Ship |
| 19:26 | Encolar | Fishing Ship |
| 19:29 | Encolar | Villager (Male) |
| 19:35 | Construir | Mining Camp |
| 19:45 | Encolar | Villager (Male) |
| 19:45 | Encolar | Villager (Male) |
| 19:45 | Encolar | Villager (Male) |
| 19:52 | Construir | Fish Trap |
| 19:55 | Encolar | Fishing Ship |
| 19:55 | Encolar | Fishing Ship |
| 19:55 | Encolar | Villager (Male) |
| 19:56 | Encolar | Villager (Male) |
| 19:56 | Encolar | Villager (Male) |
| 19:56 | Encolar | Villager (Male) |
| 20:00 | Encolar | Villager (Male) |
| 20:00 | Encolar | Villager (Male) |
| 20:05 | Construir | Fish Trap |
| 20:22 | Construir | Fish Trap |
| 20:26 | Encolar | Fishing Ship |
| 20:26 | Encolar | Fishing Ship |
| 20:30 | Encolar | Villager (Male) |
| 20:31 | Encolar | Villager (Male) |
Build order — Fudge
Primeras 150 de 502 acciones detectadas
| 0:01 | Encolar | Villager (Male) |
| 0:02 | Encolar | Villager (Male) |
| 0:02 | Encolar | Villager (Male) |
| 0:05 | Construir | House |
| 0:06 | Construir | House |
| 0:20 | Encolar | Villager (Male) |
| 0:59 | Investigar | Loom |
| 1:42 | Encolar | Villager (Male) |
| 2:17 | Encolar | Villager (Male) |
| 2:24 | Construir | Palisade Wall |
| 2:37 | Construir | Palisade Wall |
| 2:42 | Encolar | Villager (Male) |
| 3:02 | Encolar | Villager (Male) |
| 3:36 | Encolar | Villager (Male) |
| 3:47 | Construir | Palisade Wall |
| 3:49 | Construir | Palisade Wall |
| 3:50 | Construir | Palisade Wall |
| 3:58 | Encolar | Villager (Male) |
| 4:40 | Encolar | Villager (Male) |
| 4:58 | Construir | House |
| 5:08 | Encolar | Villager (Male) |
| 5:37 | Encolar | Villager (Male) |
| 5:53 | Encolar | Villager (Male) |
| 6:45 | Encolar | Villager (Male) |
| 6:52 | Construir | Settlement |
| 7:06 | Encolar | Villager (Male) |
| 7:28 | Encolar | Villager (Male) |
| 7:31 | Encolar | Villager (Male) |
| 7:41 | Encolar | Villager (Male) |
| 7:57 | Encolar | Villager (Male) |
| 8:05 | Construir | Palisade Wall |
| 8:10 | Construir | Palisade Wall |
| 8:13 | Construir | Palisade Wall |
| 8:16 | Construir | Palisade Wall |
| 8:23 | Construir | Building 800 |
| 8:27 | Encolar | Villager (Male) |
| 8:29 | Construir | House |
| 8:40 | Encolar | Villager (Male) |
| 8:43 | Construir | Dock |
| 8:52 | Encolar | Villager (Male) |
| 9:04 | Construir | Settlement |
| 9:15 | Encolar | Villager (Male) |
| 9:38 | Encolar | Fishing Ship |
| 10:00 | Encolar | Fishing Ship |
| 10:08 | Construir | Palisade Wall |
| 10:12 | Construir | Palisade Wall |
| 10:14 | Construir | Palisade Wall |
| 10:30 | Construir | Palisade Wall |
| 10:49 | Construir | Settlement |
| 11:05 | Encolar | Villager (Male) |
| 11:06 | Investigar | Feudal Age |
| 11:36 | Construir | Settlement |
| 12:27 | Construir | Settlement |
| 12:56 | Encolar | Fishing Ship |
| 13:02 | Encolar | Villager (Male) |
| 13:02 | Encolar | Villager (Male) |
| 13:40 | Edad | Edad Feudal |
| 13:40 | Encolar | Fishing Ship |
| 13:42 | Construir | Market |
| 13:44 | Construir | Blacksmith |
| 13:54 | Construir | Stone Wall |
| 14:07 | Construir | Settlement |
| 14:14 | Investigar | Double-Bit Axe |
| 14:28 | Investigar | Castle Age |
| 14:28 | Investigar | Castle Age |
| 14:55 | Encolar | Fishing Ship |
| 14:59 | Construir | Dock |
| 15:38 | Encolar | Villager (Male) |
| 15:41 | Encolar | Fishing Ship |
| 15:52 | Encolar | Fishing Ship |
| 15:55 | Construir | Fish Trap |
| 15:57 | Construir | Fish Trap |
| 16:12 | Construir | Fish Trap |
| 16:21 | Construir | Stone Wall |
| 16:28 | Encolar | Villager (Male) |
| 16:33 | Encolar | Fishing Ship |
| 16:42 | Construir | Fish Trap |
| 17:10 | Construir | Building 673 |
| 17:10 | Edad | Edad de los Castillos |
| 17:11 | Construir | Stone Wall |
| 17:12 | Construir | Stone Wall |
| 17:13 | Encolar | Villager (Male) |
| 17:17 | Construir | Town Center |
| 17:29 | Investigar | Bow Saw |
| 17:29 | Investigar | Bow Saw |
| 18:03 | Investigar | Wheelbarrow |
| 18:10 | Construir | Stone Wall |
| 18:13 | Encolar | Villager (Male) |
| 18:23 | Construir | Town Center |
| 18:30 | Encolar | Villager (Male) |
| 18:40 | Construir | Fish Trap |
| 18:58 | Encolar | Fishing Ship |
| 18:59 | Encolar | Fishing Ship |
| 19:13 | Encolar | Villager (Male) |
| 19:24 | Construir | Monastery |
| 19:29 | Investigar | Gold Mining |
| 19:29 | Investigar | Gold Mining |
| 19:40 | Construir | Fish Trap |
| 19:43 | Encolar | Fishing Ship |
| 19:48 | Encolar | Villager (Male) |
| 20:00 | Construir | House |
| 20:01 | Construir | House |
| 20:02 | Construir | House |
| 20:03 | Encolar | Villager (Male) |
| 20:14 | Encolar | Monk |
| 20:20 | Encolar | Villager (Male) |
| 20:21 | Encolar | Villager (Male) |
| 20:26 | Construir | Settlement |
| 20:31 | Construir | Settlement |
| 20:33 | Encolar | Villager (Male) |
| 20:34 | Encolar | Villager (Male) |
| 20:35 | Encolar | Villager (Male) |
| 20:36 | Encolar | Fishing Ship |
| 20:40 | Construir | Fish Trap |
| 20:57 | Construir | Fish Trap |
| 20:58 | Investigar | Tech 906 |
| 20:58 | Investigar | Tech 906 |
| 21:09 | Encolar | Monk |
| 21:11 | Encolar | Villager (Male) |
| 21:14 | Construir | Fish Trap |
| 21:17 | Construir | Fish Trap |
| 21:23 | Encolar | Villager (Male) |
| 21:24 | Construir | Fish Trap |
| 21:49 | Construir | University |
| 21:51 | Construir | House |
| 21:51 | Construir | House |
| 21:52 | Encolar | Villager (Male) |
| 21:52 | Encolar | Villager (Male) |
| 21:55 | Construir | Settlement |
| 21:58 | Encolar | Villager (Male) |
| 22:03 | Construir | Settlement |
| 22:04 | Encolar | Villager (Male) |
| 22:09 | Construir | House |
| 22:10 | Construir | House |
| 22:13 | Encolar | Fishing Ship |
| 22:13 | Encolar | Fishing Ship |
| 22:19 | Encolar | Villager (Male) |
| 22:21 | Construir | Dock |
| 22:29 | Construir | Castle |
| 22:36 | Encolar | Villager (Male) |
| 22:42 | Investigar | Fervor |
| 22:47 | Construir | Monastery |
| 22:49 | Encolar | Villager (Male) |
| 22:50 | Encolar | Villager (Male) |
| 22:51 | Encolar | Fishing Ship |
| 22:56 | Construir | Fish Trap |
| 22:59 | Encolar | Villager (Male) |
| 23:04 | Construir | Fish Trap |
| 23:05 | Encolar | Villager (Male) |
| 23:05 | Encolar | Fishing Ship |
Build order — lorddoc
Primeras 150 de 557 acciones detectadas
| 0:01 | Encolar | Villager (Male) |
| 0:04 | Construir | House |
| 0:06 | Construir | House |
| 0:32 | Encolar | Villager (Male) |
| 0:32 | Encolar | Villager (Male) |
| 0:32 | Encolar | Villager (Male) |
| 1:36 | Encolar | Villager (Male) |
| 2:20 | Encolar | Villager (Male) |
| 2:28 | Investigar | Loom |
| 2:29 | Encolar | Villager (Male) |
| 2:33 | Construir | Lumber Camp |
| 2:51 | Encolar | Villager (Male) |
| 3:26 | Encolar | Villager (Male) |
| 3:46 | Construir | Palisade Wall |
| 4:27 | Encolar | Villager (Male) |
| 4:27 | Encolar | Villager (Male) |
| 5:03 | Encolar | Villager (Male) |
| 5:17 | Encolar | Villager (Male) |
| 5:42 | Construir | House |
| 5:57 | Encolar | Villager (Male) |
| 6:13 | Construir | Palisade Wall |
| 6:18 | Construir | Palisade Wall |
| 6:23 | Encolar | Villager (Male) |
| 6:29 | Encolar | Villager (Male) |
| 7:03 | Encolar | Villager (Male) |
| 7:10 | Encolar | Villager (Male) |
| 7:20 | Construir | House |
| 7:22 | Encolar | Villager (Male) |
| 7:43 | Construir | Dock |
| 7:44 | Encolar | Villager (Male) |
| 8:31 | Construir | Mill |
| 8:48 | Encolar | Villager (Male) |
| 9:00 | Encolar | Villager (Male) |
| 9:05 | Encolar | Fishing Ship |
| 9:30 | Construir | House |
| 9:58 | Investigar | Feudal Age |
| 10:17 | Encolar | Fishing Ship |
| 11:07 | Encolar | Villager (Male) |
| 11:13 | Construir | Mining Camp |
| 11:21 | Construir | Mining Camp |
| 11:40 | Construir | House |
| 12:08 | Edad | Edad Feudal |
| 12:20 | Construir | Stone Wall |
| 12:28 | Construir | Stone Wall |
| 12:39 | Construir | Outpost |
| 12:54 | Encolar | Villager (Male) |
| 12:54 | Encolar | Villager (Male) |
| 13:14 | Encolar | Villager (Male) |
| 13:48 | Construir | House |
| 13:59 | Encolar | Villager (Male) |
| 14:05 | Encolar | Fishing Ship |
| 14:06 | Encolar | Fishing Ship |
| 14:29 | Encolar | Villager (Male) |
| 14:54 | Construir | Market |
| 15:00 | Construir | Blacksmith |
| 15:01 | Encolar | Villager (Male) |
| 15:16 | Encolar | Villager (Male) |
| 15:26 | Encolar | Fishing Ship |
| 15:33 | Construir | House |
| 15:34 | Construir | House |
| 15:37 | Construir | House |
| 16:04 | Investigar | Castle Age |
| 16:23 | Encolar | Fishing Ship |
| 16:40 | Construir | Lumber Camp |
| 17:08 | Construir | House |
| 17:58 | Investigar | Double-Bit Axe |
| 18:16 | Encolar | Villager (Male) |
| 18:17 | Encolar | Villager (Male) |
| 18:44 | Edad | Edad de los Castillos |
| 18:49 | Construir | Town Center |
| 19:03 | Construir | Town Center |
| 19:10 | Encolar | Villager (Male) |
| 19:31 | Construir | Fish Trap |
| 19:33 | Encolar | Villager (Male) |
| 19:48 | Encolar | Villager (Male) |
| 19:55 | Construir | Fish Trap |
| 20:06 | Encolar | Villager (Male) |
| 20:12 | Encolar | Villager (Male) |
| 20:13 | Encolar | Villager (Male) |
| 20:16 | Construir | Fish Trap |
| 20:33 | Construir | Fish Trap |
| 20:35 | Encolar | Villager (Male) |
| 20:44 | Construir | Fish Trap |
| 20:46 | Encolar | Villager (Male) |
| 20:54 | Construir | Fish Trap |
| 21:06 | Investigar | Wheelbarrow |
| 21:09 | Encolar | Fishing Ship |
| 21:09 | Encolar | Fishing Ship |
| 21:11 | Encolar | Villager (Male) |
| 21:26 | Encolar | Villager (Male) |
| 21:34 | Construir | Farm |
| 21:36 | Construir | Farm |
| 21:38 | Construir | Farm |
| 21:43 | Construir | Farm |
| 21:44 | Encolar | Villager (Male) |
| 21:52 | Construir | Castle |
| 21:55 | Encolar | Villager (Male) |
| 22:01 | Construir | Fish Trap |
| 22:03 | Encolar | Villager (Male) |
| 22:07 | Construir | Farm |
| 22:08 | Construir | Farm |
| 22:11 | Construir | Farm |
| 22:15 | Construir | Farm |
| 22:15 | Encolar | Villager (Male) |
| 22:24 | Encolar | Villager (Male) |
| 22:37 | Construir | Farm |
| 22:38 | Construir | Farm |
| 22:39 | Construir | Farm |
| 22:44 | Construir | Farm |
| 22:52 | Construir | Fish Trap |
| 22:53 | Encolar | Villager (Male) |
| 23:01 | Encolar | Villager (Male) |
| 23:11 | Construir | Town Center |
| 23:14 | Investigar | Town Watch |
| 23:24 | Encolar | Villager (Male) |
| 23:31 | Construir | Stone Wall |
| 23:34 | Encolar | Villager (Male) |
| 23:40 | Encolar | Villager (Male) |
| 23:47 | Encolar | Villager (Male) |
| 23:59 | Construir | Siege Workshop |
| 24:02 | Encolar | Villager (Male) |
| 24:11 | Construir | Stone Wall |
| 24:14 | Encolar | Villager (Male) |
| 24:23 | Encolar | Fishing Ship |
| 24:23 | Encolar | Fishing Ship |
| 24:24 | Encolar | Villager (Male) |
| 24:25 | Construir | Farm |
| 24:26 | Construir | Farm |
| 24:26 | Construir | Farm |
| 24:26 | Construir | Farm |
| 24:30 | Encolar | Villager (Male) |
| 24:36 | Construir | Stone Wall |
| 24:39 | Encolar | Villager (Male) |
| 24:41 | Construir | Farm |
| 24:47 | Construir | Farm |
| 24:51 | Construir | Farm |
| 24:52 | Encolar | Villager (Male) |
| 24:59 | Encolar | Villager (Male) |
| 25:06 | Construir | Building 487 |
| 25:11 | Construir | Building 487 |
| 25:13 | Encolar | Villager (Male) |
| 25:21 | Encolar | Villager (Male) |
| 25:25 | Construir | Farm |
| 25:26 | Encolar | Villager (Male) |
| 25:28 | Construir | Farm |
| 25:30 | Construir | Farm |
| 25:32 | Construir | Farm |
| 25:35 | Construir | Farm |
| 25:39 | Construir | Fish Trap |
| 25:41 | Encolar | Villager (Male) |
Build order — Nigel Thornberry
Primeras 150 de 491 acciones detectadas
| 0:01 | Encolar | Villager (Male) |
| 0:01 | Encolar | Villager (Male) |
| 0:01 | Encolar | Villager (Male) |
| 0:02 | Encolar | Villager (Male) |
| 0:03 | Construir | House |
| 0:07 | Construir | House |
| 1:25 | Encolar | Villager (Male) |
| 1:25 | Encolar | Villager (Male) |
| 1:51 | Construir | Lumber Camp |
| 2:00 | Encolar | Villager (Male) |
| 2:00 | Encolar | Villager (Male) |
| 2:25 | Encolar | Villager (Male) |
| 2:25 | Encolar | Villager (Male) |
| 2:46 | Encolar | Villager (Male) |
| 3:06 | Encolar | Villager (Male) |
| 3:06 | Encolar | Villager (Male) |
| 3:51 | Encolar | Villager (Male) |
| 3:51 | Encolar | Villager (Male) |
| 3:51 | Encolar | Villager (Male) |
| 4:00 | Construir | Mill |
| 4:30 | Encolar | Villager (Male) |
| 4:31 | Encolar | Villager (Male) |
| 4:44 | Encolar | Villager (Male) |
| 4:44 | Encolar | Villager (Male) |
| 5:13 | Construir | House |
| 5:32 | Encolar | Villager (Male) |
| 5:32 | Encolar | Villager (Male) |
| 6:07 | Investigar | Loom |
| 6:26 | Encolar | Villager (Male) |
| 6:26 | Encolar | Villager (Male) |
| 6:26 | Encolar | Villager (Male) |
| 6:26 | Encolar | Villager (Male) |
| 7:50 | Encolar | Villager (Male) |
| 7:51 | Encolar | Villager (Male) |
| 7:54 | Encolar | Villager (Male) |
| 8:10 | Construir | House |
| 8:22 | Investigar | Feudal Age |
| 8:23 | Investigar | Feudal Age |
| 9:20 | Encolar | Villager (Male) |
| 9:21 | Encolar | Villager (Male) |
| 9:37 | Construir | Mining Camp |
| 10:25 | Encolar | Villager (Male) |
| 10:32 | Edad | Edad Feudal |
| 10:33 | Investigar | Double-Bit Axe |
| 10:33 | Investigar | Double-Bit Axe |
| 10:36 | Construir | Market |
| 11:49 | Construir | Blacksmith |
| 11:58 | Encolar | Villager (Male) |
| 11:58 | Encolar | Villager (Male) |
| 11:58 | Encolar | Villager (Male) |
| 12:30 | Construir | Farm |
| 12:57 | Investigar | Castle Age |
| 13:15 | Encolar | Villager (Male) |
| 13:26 | Investigar | Horse Collar |
| 13:51 | Investigar | Gold Mining |
| 14:41 | Construir | Lumber Camp |
| 14:55 | Construir | Farm |
| 15:04 | Construir | Farm |
| 15:18 | Construir | House |
| 15:19 | Construir | House |
| 15:26 | Encolar | Villager (Male) |
| 15:26 | Encolar | Villager (Male) |
| 15:37 | Edad | Edad de los Castillos |
| 16:01 | Construir | House |
| 16:06 | Construir | Farm |
| 16:19 | Construir | Town Center |
| 16:24 | Encolar | Villager (Male) |
| 16:35 | Construir | House |
| 16:36 | Construir | House |
| 16:45 | Construir | Farm |
| 17:08 | Encolar | Villager (Male) |
| 17:18 | Construir | Farm |
| 17:20 | Construir | Farm |
| 17:23 | Construir | Farm |
| 17:38 | Encolar | Villager (Male) |
| 17:38 | Encolar | Villager (Male) |
| 17:40 | Investigar | Bow Saw |
| 17:43 | Construir | House |
| 18:01 | Encolar | Villager (Male) |
| 18:01 | Encolar | Villager (Male) |
| 18:05 | Investigar | Wheelbarrow |
| 18:11 | Construir | Farm |
| 18:13 | Construir | Farm |
| 18:16 | Construir | House |
| 18:36 | Construir | Monastery |
| 18:39 | Encolar | Villager (Male) |
| 18:40 | Encolar | Villager (Male) |
| 18:40 | Encolar | Villager (Male) |
| 18:41 | Encolar | Villager (Male) |
| 18:41 | Encolar | Villager (Male) |
| 18:42 | Encolar | Villager (Male) |
| 18:42 | Encolar | Villager (Male) |
| 18:47 | Construir | House |
| 18:48 | Construir | House |
| 19:01 | Construir | Farm |
| 19:05 | Construir | Farm |
| 19:07 | Encolar | Villager (Male) |
| 19:09 | Encolar | Villager (Male) |
| 19:09 | Encolar | Villager (Male) |
| 19:15 | Construir | Farm |
| 19:17 | Construir | Farm |
| 19:20 | Construir | Farm |
| 19:21 | Encolar | Villager (Male) |
| 19:42 | Encolar | Villager (Male) |
| 19:45 | Encolar | Villager (Male) |
| 19:45 | Encolar | Villager (Male) |
| 19:54 | Construir | Town Center |
| 20:00 | Construir | House |
| 20:02 | Construir | House |
| 20:03 | Encolar | Villager (Male) |
| 20:22 | Encolar | Villager (Male) |
| 20:22 | Encolar | Villager (Male) |
| 20:43 | Construir | Farm |
| 20:43 | Construir | Farm |
| 20:43 | Construir | Farm |
| 20:44 | Construir | Farm |
| 20:44 | Construir | Farm |
| 20:44 | Construir | Farm |
| 20:48 | Encolar | Villager (Male) |
| 21:04 | Investigar | Heavy Plow |
| 21:20 | Construir | Mining Camp |
| 21:28 | Encolar | Villager (Male) |
| 21:43 | Investigar | Stone Mining |
| 21:47 | Investigar | Gold Shaft Mining |
| 22:00 | Encolar | Villager (Male) |
| 22:01 | Encolar | Villager (Male) |
| 22:01 | Encolar | Villager (Male) |
| 22:01 | Encolar | Villager (Male) |
| 22:01 | Encolar | Villager (Male) |
| 22:02 | Encolar | Villager (Male) |
| 22:02 | Encolar | Villager (Male) |
| 22:06 | Encolar | Monk |
| 22:31 | Encolar | Villager (Male) |
| 22:31 | Encolar | Villager (Male) |
| 22:31 | Encolar | Villager (Male) |
| 22:35 | Encolar | Villager (Male) |
| 22:43 | Construir | Lumber Camp |
| 22:52 | Construir | Siege Workshop |
| 22:53 | Construir | Siege Workshop |
| 23:30 | Encolar | Villager (Male) |
| 23:30 | Encolar | Villager (Male) |
| 23:30 | Encolar | Villager (Male) |
| 23:31 | Encolar | Villager (Male) |
| 23:31 | Encolar | Villager (Male) |
| 23:31 | Encolar | Villager (Male) |
| 23:36 | Construir | Farm |
| 23:38 | Construir | Farm |
| 23:41 | Encolar | Villager (Male) |
| 23:42 | Encolar | Villager (Male) |
| 23:42 | Encolar | Villager (Male) |
Cronología de la partida
| 0:40 | Tabosa · wall_segment Palisade Wall x12 |
| 1:47 | Tabosa · wall_segment Palisade Wall x5 |
| 1:48 | traiasca comunismul · wall_segment Palisade Wall x14 |
| 1:49 | Tabosa · wall_segment Palisade Wall x7 |
| 1:51 | 请讲中文,不懂英语。 · wall_segment Palisade Wall x12 |
| 2:24 | Fudge · wall_segment Palisade Wall x10 |
| 2:37 | Fudge · wall_segment Palisade Wall x5 |
| 2:56 | 请讲中文,不懂英语。 · wall_segment Palisade Wall x10 |
| 3:46 | lorddoc · wall_segment Palisade Wall x1 |
| 3:47 | Fudge · wall_segment Palisade Wall x1 |
| 3:49 | Fudge · wall_segment Palisade Wall x1 |
| 3:50 | Fudge · wall_segment Palisade Wall x1 |
| 5:54 | Flybidi · first_building Dock |
| 6:13 | lorddoc · wall_segment Palisade Wall x11 |
| 6:18 | lorddoc · wall_segment Palisade Wall x7 |
| 7:43 | lorddoc · first_building Dock |
| 8:05 | Fudge · wall_segment Palisade Wall x1 |
| 8:10 | Fudge · wall_segment Palisade Wall x1 |
| 8:12 | 请讲中文,不懂英语。 · first_building Dock |
| 8:13 | Fudge · wall_segment Palisade Wall x1 |
| 8:16 | Fudge · wall_segment Palisade Wall x1 |
| 8:43 | Fudge · first_building Dock |
| 10:08 | Fudge · wall_segment Palisade Wall x1 |
| 10:12 | Fudge · wall_segment Palisade Wall x1 |
| 10:14 | Fudge · wall_segment Palisade Wall x1 |
| 10:30 | Fudge · wall_segment Palisade Wall x1 |
| 10:32 | Nigel Thornberry · age_up feudal |
| 10:56 | Premium · age_up feudal |
| 11:39 | traiasca comunismul · age_up feudal |
| 12:00 | 请讲中文,不懂英语。 · age_up feudal |
| 12:05 | Flybidi · age_up feudal |
| 12:08 | lorddoc · age_up feudal |
| 12:20 | lorddoc · wall_segment Stone Wall x10 |
| 12:27 | Tabosa · age_up feudal |
| 12:28 | lorddoc · wall_segment Stone Wall x14 |
| 12:32 | 请讲中文,不懂英语。 · wall_segment Stone Wall x9 |
| 12:35 | traiasca comunismul · first_market_sell 100 wood |
| 12:55 | Nigel Thornberry · first_market_sell 100 food |
| 13:40 | Fudge · age_up feudal |
| 13:54 | Fudge · wall_segment Stone Wall x11 |
| 14:56 | Premium · age_up castle |
| 15:18 | traiasca comunismul · age_up castle |
| 15:37 | Nigel Thornberry · age_up castle |
| 15:55 | lorddoc · first_market_sell 100 food |
| 16:07 | Premium · first_market_buy 100 food |
| 16:08 | Tabosa · age_up castle |
| 16:10 | Nigel Thornberry · first_market_buy 100 wood |
| 16:12 | Flybidi · age_up castle |
| 16:20 | 请讲中文,不懂英语。 · age_up castle |
| 16:21 | Fudge · wall_segment Stone Wall x5 |
| 16:31 | Tabosa · first_building Castle |
| 17:07 | traiasca comunismul · wall_segment Palisade Wall x1 |
| 17:10 | Fudge · age_up castle |
| 17:11 | Fudge · wall_segment Stone Wall x1 |
| 17:12 | Fudge · wall_segment Stone Wall x1 |
| 17:51 | traiasca comunismul · first_market_buy 100 wood |
| 17:57 | traiasca comunismul · first_building Siege Workshop |
| 18:10 | Fudge · wall_segment Stone Wall x1 |
| 18:13 | Tabosa · first_market_buy 100 food |
| 18:36 | Nigel Thornberry · first_building Monastery |
| 18:39 | traiasca comunismul · first_building Barracks |
| 18:44 | lorddoc · age_up castle |
| 18:54 | traiasca comunismul · wall_segment Palisade Wall x1 |
| 18:56 | traiasca comunismul · wall_segment Palisade Wall x1 |
| 19:24 | Fudge · first_building Monastery |
| 21:04 | Premium · wall_segment Stone Wall x11 |
| 21:10 | Premium · first_building Barracks |
| 21:52 | lorddoc · first_building Castle |
| 22:03 | Tabosa · first_market_sell 100 wood |
| 22:06 | Tabosa · first_building Siege Workshop |
| 22:19 | Premium · first_building Archery Range |
| 22:23 | Tabosa · first_building Monastery |
| 22:26 | 请讲中文,不懂英语。 · first_building Siege Workshop |
| 22:29 | Fudge · first_building Castle |
| 22:52 | Nigel Thornberry · first_building Siege Workshop |
| 23:07 | traiasca comunismul · first_building Castle |
| 23:31 | lorddoc · wall_segment Stone Wall x19 |
| 23:54 | 请讲中文,不懂英语。 · first_building Castle |
| 23:59 | lorddoc · first_building Siege Workshop |
| 24:11 | lorddoc · wall_segment Stone Wall x8 |
| 24:35 | traiasca comunismul · wall_segment Palisade Wall x1 |
| 24:36 | lorddoc · wall_segment Stone Wall x4 |
| 24:37 | traiasca comunismul · wall_segment Palisade Wall x1 |
| 24:55 | traiasca comunismul · wall_segment Palisade Wall x1 |
| 24:57 | traiasca comunismul · wall_segment Palisade Wall x1 |
| 24:58 | Premium · first_building Stable |
| 25:08 | Premium · first_market_sell 100 food |
| 26:16 | Fudge · first_market_sell 100 wood |
| 26:17 | Fudge · first_market_buy 100 food |
| 26:27 | Premium · first_building Monastery |
| 26:32 | 请讲中文,不懂英语。 · first_building Barracks |
| 26:57 | Fudge · first_building Siege Workshop |
| 27:07 | 请讲中文,不懂英语。 · first_building Stable |
| 27:10 | 请讲中文,不懂英语。 · first_building Archery Range |
| 27:27 | 请讲中文,不懂英语。 · age_up imperial |
| 27:41 | Flybidi · first_building Stable |
| 28:05 | traiasca comunismul · first_building Stable |
| 28:15 | Flybidi · first_building Castle |
| 28:19 | Premium · first_building Siege Workshop |
| 28:27 | lorddoc · first_building Monastery |
| 28:50 | lorddoc · first_building Barracks |
| 29:20 | Flybidi · age_up imperial |
| 29:22 | Fudge · wall_segment Stone Wall x1 |
| 29:31 | Nigel Thornberry · age_up imperial |
| 29:37 | Fudge · age_up imperial |
| 29:45 | lorddoc · wall_segment Stone Wall x2 |
| 30:24 | traiasca comunismul · first_building Monastery |
| 30:42 | lorddoc · first_building Archery Range |
| 30:57 | Premium · age_up imperial |
| 31:20 | 请讲中文,不懂英语。 · first_market_sell 100 food |
| 31:22 | lorddoc · age_up imperial |
| 31:45 | lorddoc · first_building Stable |
| 31:46 | Nigel Thornberry · first_building Castle |
| 31:51 | lorddoc · first_market_buy 100 wood |
| 31:59 | Premium · first_building Castle |
| 32:19 | traiasca comunismul · first_building Archery Range |
| 33:20 | Flybidi · first_building Siege Workshop |
| 33:30 | Tabosa · first_building Barracks |
| 35:08 | traiasca comunismul · age_up imperial |
| 36:42 | Flybidi · first_market_buy 100 wood |
| 38:02 | Tabosa · first_building Stable |
| 38:10 | Nigel Thornberry · first_building Stable |
| 38:13 | Tabosa · tribute_sent a jugador 1 |
| 38:13 | Tabosa · tribute_sent a jugador 2 |
| 38:13 | Tabosa · tribute_sent a jugador 4 |
| 38:13 | Tabosa · tribute_sent a jugador 5 |
| 38:13 | Tabosa · tribute_sent a jugador 6 |
| 38:13 | Tabosa · tribute_sent a jugador 7 |
| 38:13 | Tabosa · tribute_sent a jugador 8 |
| 38:59 | Nigel Thornberry · tribute_sent a jugador 1 |
| 38:59 | Nigel Thornberry · tribute_sent a jugador 2 |
| 38:59 | Nigel Thornberry · tribute_sent a jugador 3 |
| 38:59 | Nigel Thornberry · tribute_sent a jugador 4 |
| 38:59 | Nigel Thornberry · tribute_sent a jugador 5 |
| 38:59 | Nigel Thornberry · tribute_sent a jugador 6 |
| 38:59 | Nigel Thornberry · tribute_sent a jugador 7 |
| 40:42 | Tabosa · age_up imperial |
| 41:58 | Premium · wall_segment Stone Wall x7 |
| 42:12 | Premium · wall_segment Stone Wall x9 |
| 42:23 | Premium · wall_segment Stone Wall x6 |
| 43:54 | Premium · wall_segment Stone Wall x8 |
| 43:55 | Tabosa · tribute_sent a jugador 1 |
| 43:55 | Tabosa · tribute_sent a jugador 2 |
| 43:55 | Tabosa · tribute_sent a jugador 4 |
| 43:55 | Tabosa · tribute_sent a jugador 5 |
| 43:55 | Tabosa · tribute_sent a jugador 6 |
| 43:55 | Tabosa · tribute_sent a jugador 7 |
| 43:55 | Tabosa · tribute_sent a jugador 8 |
| 43:58 | Premium · wall_segment Stone Wall x5 |
| 44:02 | Premium · wall_segment Stone Wall x8 |
| 44:09 | Flybidi · first_building Monastery |
| 45:41 | 请讲中文,不懂英语。 · first_building Monastery |
| 46:10 | Flybidi · first_market_sell 500 food |
| 46:42 | Premium · wall_segment Palisade Wall x1 |
| 46:43 | Premium · wall_segment Palisade Wall x1 |
| 47:11 | traiasca comunismul · wall_segment Palisade Wall x1 |
| 47:12 | traiasca comunismul · wall_segment Palisade Wall x1 |
| 47:17 | traiasca comunismul · wall_segment Palisade Wall x2 |
| 47:19 | traiasca comunismul · wall_segment Palisade Wall x1 |
| 47:30 | Fudge · first_building Barracks |
| 47:38 | Premium · wall_segment Palisade Wall x8 |
| 49:37 | Flybidi · tribute_sent a jugador 1 |
| 49:37 | Flybidi · tribute_sent a jugador 2 |
| 49:37 | Flybidi · tribute_sent a jugador 3 |
| 49:37 | Flybidi · tribute_sent a jugador 4 |
| 49:37 | Flybidi · tribute_sent a jugador 6 |
| 49:37 | Flybidi · tribute_sent a jugador 7 |
| 49:37 | Flybidi · tribute_sent a jugador 8 |
| 49:38 | Tabosa · tribute_sent a jugador 1 |
| 49:38 | Tabosa · tribute_sent a jugador 2 |
| 49:38 | Tabosa · tribute_sent a jugador 4 |
| 49:38 | Tabosa · tribute_sent a jugador 5 |
| 49:38 | Tabosa · tribute_sent a jugador 6 |
| 49:38 | Tabosa · tribute_sent a jugador 7 |
| 49:38 | Tabosa · tribute_sent a jugador 8 |
| 50:28 | 请讲中文,不懂英语。 · first_market_buy 100 food |
| 50:45 | Fudge · resign |
[ ANÁLISIS IA · 1 CRÉDITO ]
¿Qué pasó realmente en esta partida?
Wolo.gg analiza cada decisión: build order, eco, micro, errores típicos por bracket. Análisis personalizado por WhatsApp o Discord en 30 segundos.
Guía civ
Magiares
Perfil
Jugador #12352564